 Dungeon Crawl Stone Soup version 0.29-a0-219-g0a02b1cf4f (webtiles) character file.

Game seed: 11439549268406267382

8 jlumianski the Skirmisher (level 2, 0/24 HPs)
             Began as a Demonspawn Berserker on Feb 25, 2022.
             Was a Follower of Trog.
             Slain by a rat (2 damage)
             ... on level 1 of the Dungeon.
             The game lasted 00:01:56 (505 turns).

jlumianski the Skirmisher (Demonspawn Berserker)     Turns: 505, Time: 00:01:56

Health: 0/24       AC:  5    Str: 17    XL:     2   Next: 0%
Magic:  2/2        EV: 11    Int:  8    God:    Trog [*.....]
Gold:   0          SH:  0    Dex: 12    Spells: 1/1 levels left

rFire   . . .      SeeInvis .   a - +0 hand axe
rCold   . . .      Faith    .   (no shield)
rNeg    . . .      Spirit   .   c - +0 ring mail
rPois   .          Reflect  .   (no helmet)
rElec   .          Harm     .   (no cloak)
rCorr   .          Rampage  .   (no gloves)
Will    .....                   (no boots)
Stlth   +.........              (no amulet)
HPRegen 0.08/turn               (no ring)
MPRegen 0.08/turn               (no ring)

@: no status effects
A: demonic magic 1
a: Renounce Religion, Berserk


You were on level 1 of the Dungeon.
You worshipped Trog.
Trog was aware of your devotion.
You visited 1 branch of the dungeon, and saw 1 of its levels.

Inventory:

Hand Weapons
 a - a +0 hand axe (weapon)
Missiles
 e - 22 stones
 f - 6 poisoned darts (quivered)
Armour
 b - a +0 animal skin
 c - a +0 ring mail (worn)
Scrolls
 d - a scroll of identify {unknown}


   Skills:
 + Level 3.2 Fighting
 + Level 2.9 Axes
 + Level 1.7 Armour
 + Level 1.8 Dodging


You had one spell level left.
You didn't know any spells.
Your spell library was empty.

Dungeon Overview and Level Annotations

Branches:
Dungeon (1/15)

Altars:


Innate Abilities, Weirdness & Mutations

Spells you cast may paralyse adjacent enemies.


Message History

The rat barely misses you. The rat bites you. The rat barely misses you.
The rat bites you but does no damage. The rat completely misses you.
The rat bites you but does no damage. The rat closely misses you.
The rat bites you. The rat bites you. The rat barely misses you.
The rat bites you.
* * * LOW HITPOINT WARNING * * *
The rat bites you but does no damage. The rat closely misses you.
The rat barely misses you. The rat bites you.
* * * LOW HITPOINT WARNING * * *
The rat barely misses you. The rat barely misses you.
The rat bites you but does no damage. The rat barely misses you.
The rat bites you.
* * * LOW HITPOINT WARNING * * *
The rat closely misses you. The rat barely misses you.
The rat barely misses you. The rat bites you.
* * * LOW HITPOINT WARNING * * *
The rat bites you but does no damage. The rat barely misses you.
The rat bites you but does no damage. The rat barely misses you.
The rat bites you but does no damage. The rat bites you but does no damage.
The rat closely misses you. The rat barely misses you.
The rat closely misses you. The rat misses you. The rat bites you.
You die...

#. #> ### #.
###########.## #.
.............## #.
#########.#.#.#####.
##................
##...###..##.#.....
#.@.†.###.#.##.###.
#..r....##..###.# #.
#..[...###.## #.# #.
#.#...## #.# #.# #)
#.##.## #### #.# #.
#. ##. #_# ..# #. #
. #^#######. ..
#.#.......
#.#######.


You could see a rat.

Vanquished Creatures
  A goblin (D:1)
  A hobgoblin (D:1)
  A kobold (D:1)
  2 quokkas (D:1)
  2 rats (D:1)
7 creatures vanquished.

Notes
Turn   | Place    | Note
-------+----------+-------------------------------------------
     0 | D:1      | jlumianski the Demonspawn Berserker began the quest for the
                  | Orb.
     0 | D:1      | Reached XP level 1. HP: 18/18 MP: 1/1
    84 | D:1      | Found a faded altar of an unknown god.
   375 | D:1      | Gained mutation: Spells you cast may paralyse adjacent
                  | enemies. [demonic ancestry]
   375 | D:1      | Reached XP level 2. HP: 24/24 MP: 2/2
   494 | D:1      | HP: 1/24 [rat (3)]
   505 | D:1      | Slain by a rat

Illustrated notes

Levels and vault maps discovered:
D:1:      lemuel_arrival_tunnels, layout_loops_ring,
          hellmonk_ecumenical_altar_leap_of_faith

Action                   || total
-------------------------++-------
Melee: Hand axe          ||    16
Armor: Ring mail         ||    42
Dodge: Dodged            ||    72

Table legend: (Time is in decaauts)
 A = Elapsed time spent in this place.
 B = Non-inter-level travel time spent in this place.
 C = Inter-level travel time spent in this place.
 D = Time resting spent in this place.
 E = Time spent auto-exploring this place.
 F = Levels seen in this place.
 G = Mean time per level.
                   A        B        C        D        E       F      G
               +--------+--------+--------+--------+--------+-----+--------+
         Total |    507 |    507 |      0 |      0 |    287 |   1 |  507.0 |
       Dungeon |    507 |    507 |      0 |      0 |    287 |   1 |  507.0 |
               +--------+--------+--------+--------+--------+-----+--------+

Top non-repeatable levels by time:
     D:1: 507 daAuts
